 Dungeon Crawl Stone Soup version 0.31.0-12-g77e489cdc1 (webtiles) character file.

Game seed: 1591041108037851776

576 Ruich the Covert (level 7, -3/46 HPs)
             Began as a Vampire Enchanter on Mar 1, 2024.
             Was an Initiate of Dithmenos.
             Slain by a gnoll
             ... wielding a +0 spear
             ... led by a gnoll bouda
              (6 damage)
             ... on level 4 of the Dungeon.
             The game lasted 00:09:30 (4086 turns).

Ruich the Covert (Vampire Enchanter)                Turns: 4086, Time: 00:09:31

Health: -3/46      AC:  3    Str:  7    XL:     7   Next: 13%
Magic:  5/12       EV:  9    Int: 20    God:    Dithmenos [......]
Gold:   113        SH:  0    Dex: 14    Spells: 6/12 levels left

rFire   . . .        g - +1 dagger (venom)
rCold   . . .        (no shield)
rNeg    . . .        b - +0 robe
rPois   .            (no helmet)
rElec   .            t - +0 cloak
rCorr   .            (no gloves)
SInv    +            (no boots)
Will    +....        (no amulet)
Stlth   ++++         m - ring of willpower
HPRegen 0.47/turn    (no ring)
MPRegen 0.13/turn

%: no passive effects
@: healing quickly, constricted
A: alive, fangs 3, see invisible, vampiric 2
a: Exsanguinate, Renounce Religion


You were on level 4 of the Dungeon.
You worshipped Dithmenos.
Dithmenos was noncommittal.
You visited 1 branch of the dungeon, and saw 4 of its levels.

You collected 133 gold pieces.
You spent 20 gold pieces at shops.


Innate Abilities, Weirdness & Mutations

Your natural rate of healing is accelerated.
You have razor-sharp teeth.
You have supernaturally acute eyesight. (SInv)
You are afflicted with vampirism and can become a bat while bloodless.


   Skills:
 + Level 4.0 Short Blades
 - Level 2.1 Dodging
 * Level 9.2 Stealth
 - Level 3.3 Spellcasting
 - Level 6.1 Hexes


You had 6 spell levels left.
You knew the following spells:

 Your Spells              Type           Power      Damage    Failure   Level
c - Confusing Touch       Hex            28%        N/A       3%          3
d - Tukima's Dance        Hex            28%        N/A       3%          3

Your spell library contained the following spells:

 Spells                   Type           Power      Damage    Failure   Level
 Ensorcelled Hibernation  Hex/Ice        30%        N/A       6%          2
 Dazzling Flash           Conj/Hex       30%        N/A       12%         3
 Inner Flame              Hex/Fire       15%        N/A       12%         3
 Cigotuvi's Dreadful Rot  Necr/Alch/Air  6%         N/A       21%         2
 Flame Wave               Conj/Fire      3%         2d5       80%         4
 Ignite Poison            Fire/Alch      3%         N/A       80%         4
 Sticky Flame             Fire/Alch      3%         2d4       80%         4
 Freezing Cloud           Conj/Ice/Air   1%         6-21      98%         5
 Ignition                 Fire           1%         3d3       100%        8

Inventory:

Hand Weapons
 g - a +1 dagger of venom (weapon)
Armour
 b - a +0 robe (worn)
 t - a +0 cloak (worn)
 y - a +0 helmet
Jewellery
 m - a ring of willpower (left hand)
Wands
 a - a wand of charming (9)
Scrolls
 d - a scroll of revelation
 h - a scroll of identify {@r1}
 i - 2 scrolls of immolation {unknown}
 j - 5 scrolls of teleportation {unknown}
 n - a scroll of poison
 o - a scroll of enchant armour {unknown}
 r - 2 scrolls of enchant weapon {unknown}
Potions
 c - a potion of invisibility
 e - 2 potions of lignification
 f - a potion of resistance {unknown}
 k - 3 potions of might {unknown}
 l - 2 potions of magic {unknown}
 q - 2 potions of brilliance
 s - a potion of heal wounds {unknown}
 u - 2 potions of curing {@q1}
 v - a potion of mutation {unknown}
 x - a potion of haste {unknown}

Dungeon Overview and Level Annotations

Branches:
Dungeon (4/15)
 Temple: D:4-7

Altars:
Dithmenos
Gozag
Okawaru
Sif Muna
Uskayaw
Vehumet
Wu Jian
Xom

Shops:
D:2

? .#.....'............#
.###########'#########
.....................#
..<..................#
.....................#
.........>...........#
......<..............#
..ยงยงยง..........)g)...#
####+###########@#####
............#..ggS..#
............#.......#
...<.....S..#.......#
............#.......#
##.####.....####'####
**,****,,,,,*#......#
,,,,,,,,,,,.........#
,,,,,,,,,.....g.....#


You could see a gnoll bouda, 2 gnolls and a ball python.


Message History

The gnoll is severely wounded.
You barely miss the gnoll.
The gnoll is severely wounded.
You kill the gnoll!
Dithmenos accepts your kill.
Your Short Blades skill increases to level 4!
You hit the gnoll bouda but do no damage.
Your bite misses the gnoll bouda. The gnoll barely misses you.
The gnoll is no longer moving quickly.
The ball python bites you but does no damage.
The ball python grabs you. The ball python constricts you.
* * * LOW HITPOINT WARNING * * *
The gnoll barely misses you.
* * * LOW HITPOINT WARNING * * *
The ball python barely misses you. The ball python constricts you.
There is an open door, spattered with blood here.
You see here a gnoll corpse.
The ball python's grasp on you weakens, but your attempt to escape fails.
Your +0 whip falls from the air.
* * * LOW HITPOINT WARNING * * *
x2 The ball python bites you.
* * * LOW HITPOINT WARNING * * *
The ball python constricts you.
The gnoll bouda barks out a call to the hunt!
The gnoll picks up the pace!
The ball python's grasp on you weakens, but your attempt to escape fails.
The gnoll is no longer moving quickly.
The ball python bites you but does no damage.
The ball python constricts you.
You die...

Skill      XL: |  1  2  3  4  5  6  7 |
---------------+----------------------+-----
Stealth        | 5 6 8 9 |  9.2
Short Blades   | 2 3 4 |  4.0
Hexes          | 5 6 |  6.1
Spellcasting   | 3 |  3.3
Dodging        | |  2.1

Action                     |  1- 3 |  4- 6 |  7- 9 || total
---------------------------+-------+-------+-------++-------
  Melee: Dagger            |   113 |   127 |    27 ||   267
         Bite              |    12 |    10 |     3 ||    25
         Punch             |     1 |       |     2 ||     3
   Cast: Confusing Touch   |     2 |     6 |       ||     8
         Tukima's Dance    |       |     3 |     3 ||     6
    Use: Scroll            |     3 |     5 |       ||     8
         Potion            |       |     4 |       ||     4
   Stab: Sleeping          |    11 |     8 |       ||    19
         Confused          |     2 |     3 |       ||     5
         Invisible         |       |     1 |       ||     1
 Armour: Robe              |    56 |    80 |    29 ||   165
  Dodge: Dodged            |    64 |    85 |    11 ||   160

Levels and vault maps discovered:
D:1:      minmay_arrival_diagonal_passages, layout_rooms, serial_curves,
          eino_curves_03, eino_curves_02, st_stairs_10
D:2:      layout_loops_ring, serial_shops, shop, minivault_5
D:3:      layout_basic, minmay_fractal_squares_diagonal_5, uniq_jessica,
          uniq_robin, uniq_ijyb, uniq_sigmund
D:4:      layout_gridville, nicolae_overflow_hallway_of_the_gods,
          hangedman_decor_diamond_cutter

Notes
Turn   | Place    | Note
-------+----------+-------------------------------------------
     0 | D:1      | Ruich the Vampire Enchanter began the quest for the Orb.
     0 | D:1      | Reached XP level 1. HP: 13/13 MP: 3/3
    90 | D:1      | You fall into a shaft and drop 1 floor!
   214 | D:2      | Reached XP level 2. HP: 19/19 MP: 5/5
   485 | D:1      | Reached skill level 5 in Stealth
   988 | D:1      | Gained mutation: You are afflicted with vampirism and can
                  | become a bat while bloodless. [Vampire growth]
   988 | D:1      | Reached XP level 3. HP: 17/24 MP: 6/6
  1107 | D:1      | Learned a level 3 spell: Confusing Touch
  1850 | D:2      | Reached skill level 2 in Short Blades
  1901 | D:2      | Found Teesoirr's Magic Scroll Boutique.
  1906 | D:2      | Bought a scroll of identify for 20 gold pieces
  2007 | D:3      | Noticed Jessica
  2023 | D:2      | Reached skill level 6 in Stealth
  2023 | D:2      | Reached skill level 5 in Hexes
  2023 | D:2      | Reached XP level 4. HP: 29/30 MP: 3/7
  2255 | D:3      | Killed Jessica
  2260 | D:3      | Reached XP level 5. HP: 19/35 MP: 2/9
  2387 | D:3      | Noticed Robin
  2395 | D:3      | Killed Robin
  2529 | D:3      | Noticed Ijyb
  2531 | D:3      | Killed Ijyb
  2532 | D:3      | Reached skill level 7 in Stealth
  2722 | D:3      | Learned a level 3 spell: Tukima's Dance
  2824 | D:3      | Reached skill level 3 in Spellcasting
  3040 | D:3      | Noticed Sigmund
  3047 | D:3      | Killed Sigmund
  3048 | D:3      | Reached skill level 3 in Short Blades
  3048 | D:3      | Reached skill level 8 in Stealth
  3048 | D:3      | Reached skill level 6 in Hexes
  3048 | D:3      | Reached XP level 6. HP: 41/41 MP: 9/11
  3394 | D:4      | Found a hide-covered altar of Uskayaw.
  3394 | D:4      | Found a shadowy altar of Dithmenos.
  3394 | D:4      | Found a shimmering blue altar of Sif Muna.
  3397 | D:4      | Found a radiant altar of Vehumet.
  3403 | D:4      | Found an opulent altar of Gozag.
  3407 | D:4      | Found an ornate altar of the Wu Jian Council.
  3408 | D:4      | Found an iron altar of Okawaru.
  3410 | D:4      | Found a shimmering altar of Xom.
  3434 | D:4      | Became a worshipper of Dithmenos the Shadowed
  3722 | D:4      | Reached skill level 9 in Stealth
  3722 | D:4      | Reached XP level 7. HP: 46/46 MP: 12/12
  4083 | D:4      | Reached skill level 4 in Short Blades
  4085 | D:4      | HP: 3/46 [gnoll/+0 club[a gnoll bouda] (2)]
  4086 | D:4      | Slain by a gnoll

Vanquished Creatures
  Sigmund (D:3)
  2 scorpions (D:4)
  A bombardier beetle (D:3)
  A hound (D:2)
  Jessica (D:3)
  An iguana (D:4)
  Ijyb (D:3)
  Robin (D:3)
  3 gnolls (D:4)
  2 adders
  2 dart slugs
  A ribbon worm (D:4)
  5 orcs
  5 endoplasms
  6 giant cockroaches
  13 goblins
  10 hobgoblins
  2 quokkas
  7 ball pythons
  6 bats
  3 frilled lizards
  7 kobolds
  7 rats
88 creatures vanquished.

Vanquished Creatures (collateral kills)
  A goblin (D:3)
  A kobold (D:3)
2 creatures vanquished.

Vanquished Creatures (others)
  A dancing weapon (D:4)
1 creature vanquished.

Grand Total: 91 creatures vanquished

Table legend: (Time is in decaauts)
 A = Elapsed time spent in this place.
 B = Non-inter-level travel time spent in this place.
 C = Inter-level travel time spent in this place.
 D = Time resting spent in this place.
 E = Time spent auto-exploring this place.
 F = Levels seen in this place.
 G = Mean time per level.
                   A        B        C        D        E       F      G
               +--------+--------+--------+--------+--------+-----+--------+
         Total |   4056 |   3960 |     96 |   1261 |   1801 |   4 | 1014.0 |
       Dungeon |   4056 |   3960 |     96 |   1261 |   1801 |   4 | 1014.0 |
               +--------+--------+--------+--------+--------+-----+--------+

Top non-repeatable levels by time:
     D:2: 1245 daAuts
     D:3: 1157 daAuts
     D:1: 940 daAuts
     D:4: 713 daAuts

Table legend:
 A = Non-vault XP
 B = Vault XP
 C = Vault XP percentage of total XP
 D = Non-vault monster count
 E = Vault monster count
 F = Vault count percentage of total count
                 A         B        C        D         E       F
            +---------+---------+-------+---------+---------+-------
      Total |     407 |     417 |  50.6 |      64 |      26 |  28.9
            +---------+---------+-------+---------+---------+-------
        D:1 |      29 |       6 |  17.1 |      19 |       3 |  13.6
        D:2 |      78 |       4 |   4.9 |      16 |       2 |  11.1
        D:3 |      34 |     407 |  92.3 |      13 |      21 |  61.8
        D:4 |     266 |       0 |   0.0 |      16 |       0 |   0.0
            +---------+---------+-------+---------+---------+-------
